 Dungeon Crawl Stone Soup version 0.31-a0-214-gb37851dbb3 (webtiles) character file.

Game seed: 15838318370085275640

4875 qw the Cleaver (level 10, -2/63 HPs)
             Began as a Gargoyle Fighter on July 1, 2023.
             Slain by an orc warrior
             ... wielding a +0 glaive
              (16 damage)
             ... on level 9 of the Dungeon.
             The game lasted 00:04:15 (6301 turns).

qw the Cleaver (Gargoyle Fighter)                   Turns: 6301, Time: 00:04:15

Health: -2/63      AC: 21    Str: 25    XL:     10   Next: 50%
Magic:  10/10      EV:  7    Int:  8    God:
Gold:   293        SH: 11    Dex: 15    Spells: 9/9 levels left

rFire   + . .        Y - +1 war axe
rCold   + . .        s - +0 kite shield
rNeg    + . .        t - +0 plate armour
rPois   inf          (no helmet)
rElec   +            c - scarf {rC+ rF+}
rCorr   .            (no gloves)
SInv    .            e - +1 pair of boots
Will    .....        b - amulet of Vitality {RegenMP++ Regen++} Stlth
                     g - +6 ring of dexterity
HPRegen 1.90/turn    (no ring)
MPRegen 0.92/turn

%: no passive effects
@: no status effects
A: sickness immunity, AC +7, negative energy resistance 1, electricity
resistance, torment resistance 1, petrification resistance
a: no special abilities


You were on level 9 of the Dungeon.
You visited 2 branches of the dungeon, and saw 10 of its levels.

You collected 419 gold pieces.
You spent 126 gold pieces at shops.


Innate Abilities, Weirdness & Mutations

You are immune to sickness and miasma.
Your stone body is resilient. (AC +7)
You are immune to poison.
You resist negative energy. (rN+)
You are resistant to electric shocks. (rElec)
You are resistant to unholy torment.
You are immune to petrification.


   Skills:
 - Level 7.1 Fighting
 - Level 10.0 Axes
 - Level 1.0 Throwing
 + Level 4.8 Armour
 - Level 2.7 Dodging
 - Level 9.0 Shields


You had 9 spell levels left.
You didn't know any spells.
Your spell library was empty.

Inventory:

Hand Weapons
 o - a -3 morningstar
 Y - a +1 war axe (weapon)
Armour
 c - a scarf of resistance (worn)
 e - a +1 pair of boots (worn)
 f - a +0 cloak
 s - a +0 kite shield (worn)
 t - a +0 plate armour (worn)
Jewellery
 b - the amulet of Vitality (around neck) {RegenMP++ Regen++}
   (You acquired it on level 3 of the Dungeon)

   [amulet of magic regeneration]

   It increases your rate of magic regeneration.
   Regen:     It increases your rate of health regeneration.
 g - a +6 ring of dexterity (left hand)
 j - an amulet of the acrobat
Scrolls
 p - a scroll of identify
Potions
 a - 2 potions of enlightenment
 d - 2 potions of might
 h - a potion of haste {unknown}
 i - 9 potions of curing
 k - a potion of cancellation {unknown}
 m - a potion of brilliance {unknown}
 n - 2 potions of attraction
 q - a potion of lignification
 r - a potion of ambrosia {unknown}

Dungeon Overview and Level Annotations

Branches:
Dungeon (9/15)             Temple (1/1) D:5
   Lair: D:8-11         Orc: D:9-12

Altars:
Ashenzari
Cheibriados
Dithmenos
Elyvilon
Fedhas
Gozag
Hepliaklqana
Kikubaaqudgha
Nemelex Xobeh
Qazlal
Sif Muna
Trog
Uskayaw
Vehumet
Xom
Yredelemnul
Zin
The Shining One

Shops:
D:1 !:   D:3 =[![   D:6 (


Message History

You block the hornet's attack. You block the orc warrior's attack.
You slash the hornet!
You kill the hornet!
The orc warrior hits you from afar with a +0 glaive!
An orc comes into view. It is wielding a +0 whip.
The orc warrior hits you with a +0 glaive!
You see here a hornet corpse.
You slash the orc warrior!
The orc warrior is moderately wounded.
You closely miss the orc warrior.
The orc warrior is moderately wounded.
The orc warrior hits you with a +0 glaive.
You closely miss the orc warrior.
The orc warrior is moderately wounded.
You miss the orc wizard.
The orc wizard gestures at you while chanting.
You easily resist.
You block the orc warrior's attack.
You barely miss the orc warrior.
The orc warrior is moderately wounded.
You hit the orc wizard but do no damage.
You block the orc wizard's attack.
The orc warrior hits you with a +0 glaive.
You closely miss the orc warrior.
The orc warrior is moderately wounded.
You completely miss the orc wizard. You block the orc wizard's attack.
The orc warrior hits you with a +0 glaive!
The orc warrior hits you with a +0 glaive.
You barely miss the orc warrior.
The orc warrior is moderately wounded.
You closely miss the orc wizard. You block the orc wizard's attack.
The orc warrior hits you but does no damage.
You hit the orc warrior.
The orc warrior is moderately wounded.
You barely miss the orc wizard. You slash something!
The orc wizard hits you but does no damage.
Something hits you but does no damage.
The orc warrior hits you with a +0 glaive!
You die...

####
#<.##
#.@o#
##o{#
###oo.
.....
.7...
.. ..
.. #
..#


You could see an orc warrior, an orc wizard and 2 orcs.

Vanquished Creatures
  Pikel (D:8)
  Maggie (D:6)
  Psyche (D:8)
  2 hornets
  Eustachio (D:6)
  A wyvern (D:8)
  A steam dragon (D:6)
  A hornet zombie (D:6)
  3 sky beasts
  An orc warrior (D:8)
  An ogre (D:5)
  2 centaurs
  A lemure (D:8)
  2 kobold brigands
  A phantom (D:5)
  A bullfrog (D:7)
  A gnoll sergeant (D:6)
  A wyvern zombie (D:6)
  6 scorpions
  A water moccasin zombie (D:6)
  9 wights
  A howler monkey (D:7)
  2 bullfrog zombies (D:6)
  11 hounds
  2 jellies
  2 orc priests
  A human zombie (D:6)
  2 iguanas
  3 orc wizards
  A killer bee zombie (D:6)
  A mummy (D:6)
  2 howler monkey zombies (D:6)
  12 adders
  5 gnolls (D:6)
  A shadow imp (D:7)
  4 worms
  A dart slug (D:2)
  17 orcs
  5 bats
  11 endoplasms
  6 giant cockroaches
  11 goblins
  6 hobgoblins
  11 jackals
  10 kobolds
  3 quokkas
  9 ball pythons
  A frilled lizard (D:1)
  5 rats
185 creatures vanquished.

Notes
Turn   | Place    | Note
-------+----------+-------------------------------------------
     0 | D:1      | qw the Gargoyle Fighter began the quest for the Orb.
     0 | D:1      | Reached XP level 1. HP: 14/14 MP: 1/1
     0 | D:1      | 0 ||| qw: Version: 0.3-a-32-g5962c71
     0 | D:1      | 0 ||| qw: Game counter: 7633
     0 | D:1      | 0 ||| qw: Melee chars always use a shield: true
     0 | D:1      | 0 ||| qw: God list: Okawaru
     0 | D:1      | 0 ||| qw: Allow faded altars: false
     0 | D:1      | 0 ||| qw: Do Orc after clearing Dungeon:15 true
     0 | D:1      | 0 ||| qw: Do second Lair branch before Depths: true
     0 | D:1      | 0 ||| qw: Lair rune preference: random
     0 | D:1      | 0 ||| qw: Goals: Normal, Zot:1-4, Slime:5, God:TSO, Crypt,
                  | Tomb, Abyss, Pan, Hells, Win
     0 | D:1      | 0 ||| PLANNING D:1-11
    36 | D:1      | 36 ||| Stepping ~*~*~tactically~*~*~ (stealth).
    38 | D:1      | Reached skill level 2 in Axes
    47 | D:1      | Reached XP level 2. HP: 8/19 MP: 2/2
   132 | D:1      | Found Hennif's Vocational Training.
   138 | D:1      | Found a faded altar of an unknown god.
   163 | D:1      | Found Nocor's Distillery.
   186 | D:1      | 186 ||| BUYING potion of curing (36 gold).
   186 | D:1      | Bought a potion of curing for 36 gold pieces
   186 | D:1      | 186 ||| SHOPLISTING potion of curing (36 gold, have 31).
   186 | D:1      | 186 ||| SHOPLISTING potion of heal wounds (60 gold, have
                  | 31).
   186 | D:1      | 186 ||| SHOPLISTING potion of resistance (120 gold, have
                  | 31).
   250 | D:1      | 250 ||| Stepping ~*~*~tactically~*~*~ (hiding).
   251 | D:1      | 251 ||| Stepping ~*~*~tactically~*~*~ (hiding).
   256 | D:1      | Reached skill level 3 in Axes
   260 | D:1      | 260 ||| Stepping ~*~*~tactically~*~*~ (stealth).
   261 | D:1      | 261 ||| Stepping ~*~*~tactically~*~*~ (stealth).
   341 | D:1      | Reached XP level 3. HP: 23/23 MP: 3/3
   515 | D:1      | 515 ||| UPGRADING to +0 pair of boots.
   520 | D:1      | 520 ||| UPGRADING to amulet of the acrobat.
   525 | D:1      | 525 ||| READING scroll labelled QOIRCH BEESMESS.
   634 | D:2      | 634 ||| FLEEEEING.
   681 | D:2      | You fall into a shaft and drop 2 floors!
   715 | D:4      | Reached XP level 4. HP: 25/28 MP: 4/4
   836 | D:4      | 836 ||| UPGRADING to +0 chain mail.
   846 | D:4      | 846 ||| DROPPING +0 scale mail.
   847 | D:4      | 847 ||| READING scroll labelled ESHRAMU AHEK.
   857 | D:3      | 857 ||| FLEEEEING.
   858 | D:3      | 858 ||| STAIRDANCE
   968 | D:2      | Reached skill level 1 in Throwing
   970 | D:2      | 970 ||| Stepping ~*~*~tactically~*~*~ (stealth).
   971 | D:2      | 971 ||| Stepping ~*~*~tactically~*~*~ (stealth).
   992 | D:2      | 992 ||| Stepping ~*~*~tactically~*~*~ (stealth).
  1001 | D:2      | Reached skill level 4 in Axes
  1107 | D:2      | 1107 ||| Stepping ~*~*~tactically~*~*~ (hiding).
  1462 | D:2      | 1462 ||| READING scroll labelled AVIYHA JEHAD.
  1463 | D:2      | 1463 ||| READING scroll labelled ELOPRY VIAG.
  1464 | D:2      | 1464 ||| DRINKING 2 blue potions.
  1465 | D:2      | 1465 ||| DROPPING potion of degeneration.
  1563 | D:3      | Found Uselott's Armour Boutique.
  1577 | D:3      | Reached XP level 5. HP: 28/32 MP: 5/5
  1602 | D:3      | Found Ryewaz's Distillery.
  1613 | D:3      | 1613 ||| BUYING potion of attraction (30 gold).
  1613 | D:3      | Bought a potion of attraction for 30 gold pieces
  1613 | D:3      | 1613 ||| BUYING potion of curing (30 gold).
  1613 | D:3      | Bought a potion of curing for 30 gold pieces
  1613 | D:3      | 1613 ||| BUYING potion of curing (30 gold).
  1613 | D:3      | Bought a potion of curing for 30 gold pieces
  1613 | D:3      | 1613 ||| SHOPLISTING potion of curing (30 gold, have 8).
  1613 | D:3      | 1613 ||| SHOPLISTING potion of enlightenment (50 gold, have
                  | 8).
  1613 | D:3      | 1613 ||| SHOPLISTING potion of heal wounds (50 gold, have
                  | 8).
  1613 | D:3      | 1613 ||| SHOPLISTING potion of might (40 gold, have 8).
  1737 | D:3      | Found a bloodstained altar of Trog.
  1786 | D:3      | 1786 ||| Stepping ~*~*~tactically~*~*~ (stealth).
  1869 | D:3      | Found Sioxzuk's Jewellery Shoppe.
  1882 | D:3      | 1882 ||| SHOPLISTING +6 ring of dexterity (504 gold, have
                  | 27).
  1882 | D:3      | 1882 ||| SHOPLISTING ring of ice (350 gold, have 27).
  1882 | D:3      | 1882 ||| SHOPLISTING ring of the Howling Traitor {Fly rCorr
                  | Str+2 Dex+6} (768 gold, have 27).
  1902 | D:3      | Found a glowing silver altar of Zin.
  2058 | D:3      | Found Cegricso's Magic Scroll Shop.
  2098 | D:3      | Found Witi's Antique Armour Shoppe.
  2100 | D:3      | 2100 ||| Stepping ~*~*~tactically~*~*~ (stealth).
  2103 | D:3      | 2103 ||| Stepping ~*~*~tactically~*~*~ (stealth).
  2104 | D:3      | 2104 ||| Stepping ~*~*~tactically~*~*~ (stealth).
  2109 | D:3      | Reached skill level 5 in Axes
  2130 | D:3      | 2130 ||| FLEEEEING.
  2131 | D:3      | 2131 ||| FLEEEEING.
  2132 | D:3      | 2132 ||| FLEEEEING.
  2133 | D:3      | 2133 ||| FLEEEEING.
  2134 | D:3      | 2134 ||| FLEEEEING.
  2135 | D:3      | 2135 ||| FLEEEEING.
  2147 | D:3      | 2147 ||| FLEEEEING.
  2150 | D:3      | 2150 ||| FLEEEEING.
  2151 | D:3      | 2151 ||| FLEEEEING.
  2152 | D:3      | 2152 ||| FLEEEEING.
  2153 | D:3      | 2153 ||| FLEEEEING.
  2154 | D:3      | 2154 ||| FLEEEEING.
  2155 | D:3      | 2155 ||| FLEEEEING.
  2156 | D:3      | 2156 ||| FLEEEEING.
  2157 | D:3      | 2157 ||| FLEEEEING.
  2167 | D:3      | 2167 ||| DRINKING 3 potions of curing.
  2167 | D:3      | 2167 ||| (to cure confusion)
  2171 | D:3      | HP: 7/32 [orc wizard/puff of flame (12)]
  2214 | D:3      | 2214 ||| Invisibility monster not found???
  2315 | D:3      | 2315 ||| SHOPLISTING pair of gloves (81 gold, have 35).
  2315 | D:3      | 2315 ||| SHOPLISTING plate armour (414 gold, have 35).
  2346 | D:3      | 2346 ||| READING scroll labelled USHRUH KALEOF.
  2347 | D:3      | 2347 ||| READING scroll labelled YRATOQOXAI.
  2348 | D:3      | 2348 ||| READING scroll labelled PUOVEM TOPSOQE.
  2348 | D:3      | Identified a scroll of acquirement
  2348 | D:3      | 2348 ||| ACQUIRING amulet of Vitality {RegenMP++ Regen++}
  2348 | D:3      | Acquired the amulet of Vitality {RegenMP++ Regen++}
  2348 | D:3      | Found the amulet of Vitality {RegenMP++ Regen++}
  2350 | D:3      | 2350 ||| UPGRADING to amulet of Vitality {RegenMP++
                  | Regen++}.
  2360 | D:3      | 2360 ||| DRINKING 3 fuming clear potions.
  2411 | D:4      | Reached XP level 6. HP: 38/38 MP: 6/6
  2760 | D:4      | 2760 ||| UPGRADING to +6 ring of dexterity.
  2761 | D:4      | 2761 ||| READING scroll labelled UGUCZA BEPN.
  2762 | D:4      | 2762 ||| READING scroll labelled JUOD TAMEI.
  2763 | D:4      | 2763 ||| READING scroll labelled CONKOSH QUDEK.
  2766 | D:5      | Entered Level 5 of the Dungeon
  2768 | D:5      | 2768 ||| Stepping ~*~*~tactically~*~*~ (stealth).
  2770 | D:5      | 2770 ||| Stepping ~*~*~tactically~*~*~ (stealth).
  2774 | D:5      | 2774 ||| Stepping ~*~*~tactically~*~*~ (stealth).
  2780 | D:5      | 2780 ||| STAIRDANCE
  2788 | D:4      | Reached skill level 1 in Dodging
  2822 | D:5      | Reached XP level 7. HP: 43/43 MP: 7/7
  2822 | D:5      | 2822 ||| Stepping ~*~*~tactically~*~*~ (hiding).
  2892 | D:5      | 2892 ||| DROPPING +0 mace.
  2920 | D:5      | Reached skill level 6 in Axes
  2928 | D:5      | Found a radiant altar of Vehumet.
  2944 | D:5      | 2944 ||| FLEEEEING.
  2955 | D:5      | 2955 ||| FLEEEEING.
  2981 | D:5      | Reached skill level 7 in Axes
  2987 | D:5      | Reached XP level 8. HP: 45/49 MP: 8/8
  3069 | D:5      | Found a blossoming altar of Fedhas.
  3222 | D:5      | Found a staircase to the Ecumenical Temple.
  3223 | D:5      | 3223 ||| PLANNING TEMPLE
  3226 | D:5      | 3226 ||| READING scroll labelled FIONAENNECA.
  3246 | Temple   | Entered the Ecumenical Temple
  3389 | Temple   | 3389 ||| PLANNING D:1-11
  3546 | D:5      | 3546 ||| DROPPING +2 mace of venom.
  3702 | D:5      | 3702 ||| DRINKING 2 sapphire potions.
  3770 | D:6      | 3770 ||| Stepping ~*~*~tactically~*~*~ (hiding).
  3771 | D:6      | 3771 ||| Stepping ~*~*~tactically~*~*~ (hiding).
  3778 | D:6      | 3778 ||| Stepping ~*~*~tactically~*~*~ (stealth).
  3779 | D:6      | 3779 ||| Stepping ~*~*~tactically~*~*~ (stealth).
  3786 | D:6      | 3786 ||| Stepping ~*~*~tactically~*~*~ (stealth).
  3801 | D:6      | HP: 12/50 [gnoll sergeant/+5 trident of flaming (2)]
  3804 | D:6      | HP: 5/50 [gnoll sergeant/+5 trident of flaming (1)]
  3809 | D:6      | HP: 3/50 [gnoll/+2 halberd of venom[a gnoll sergeant] (5)]
  3811 | D:6      | Reached skill level 8 in Axes
  3872 | D:6      | Reached skill level 6 in Fighting
  4058 | D:6      | Noticed Eustachio
  4086 | D:6      | Killed Eustachio
  4125 | D:6      | HP: 12/51 [wight/+5 halberd (8)]
  4128 | D:6      | Reached XP level 9. HP: 17/55 MP: 9/9
  4173 | D:6      | Reached skill level 9 in Axes
  4184 | D:6      | Found a basalt altar of Yredelemnul.
  4296 | D:6      | Found Pusch's Antique Weapon Shoppe.
  4297 | D:6      | Noticed Maggie
  4314 | D:6      | Killed Maggie
  4331 | D:6      | 4331 ||| SHOPLISTING glowing flail (188 gold, have 179).
  4331 | D:6      | 4331 ||| SHOPLISTING glowing morningstar (203 gold, have
                  | 179).
  4437 | D:6      | Found a shimmering altar of Xom.
  4446 | D:6      | Found a burning altar of Makhleb.
  4446 | D:6      | Found a bloodstained altar of Trog.
  4448 | D:6      | Found a radiant altar of Vehumet.
  4448 | D:6      | Found a blossoming altar of Fedhas.
  4448 | D:6      | Found a hide-covered altar of Uskayaw.
  4515 | D:6      | 4515 ||| UPGRADING to +0 kite shield.
  4525 | D:6      | 4525 ||| DROPPING +0 buckler.
  4526 | D:6      | 4526 ||| READING scroll labelled HUGOPEAXTU.
  4593 | D:7      | 4593 ||| Stepping ~*~*~tactically~*~*~ (stealth).
  4671 | D:7      | 4671 ||| Stepping ~*~*~tactically~*~*~ (stealth).
  4681 | D:7      | 4681 ||| Stepping ~*~*~tactically~*~*~ (hiding).
  4682 | D:7      | 4682 ||| Stepping ~*~*~tactically~*~*~ (hiding).
  4683 | D:7      | 4683 ||| Stepping ~*~*~tactically~*~*~ (hiding).
  4824 | D:7      | Found a flagged portal.
  4853 | D:7      | Noticed a hornet
  4864 | D:7      | Killed a hornet
  4894 | D:7      | Reached skill level 6 in Shields
  4950 | D:7      | 4950 ||| READING scroll of enchant armour.
  4950 | D:7      | 4950 ||| ENCHANTING +0 pair of boots.
  5214 | D:7      | 5214 ||| READING scroll labelled GUPLAU XEUR.
  5215 | D:7      | 5215 ||| READING scroll labelled JUXOYG ADGHAWI.
  5218 | D:7      | 5218 ||| READING 2 scrolls of identify.
  5218 | D:7      | 5218 ||| IDENTIFYING metallic grey potion
  5219 | D:7      | 5219 ||| DROPPING potion of invisibility.
  5323 | D:8      | Reached XP level 10. HP: 63/63 MP: 10/10
  5330 | D:8      | 5330 ||| Stepping ~*~*~tactically~*~*~ (hiding).
  5572 | D:8      | Noticed Psyche
  5595 | D:8      | Killed Psyche
  5653 | D:8      | 5653 ||| Stepping ~*~*~tactically~*~*~ (hiding).
  5666 | D:8      | Reached skill level 9 in Shields
  5668 | D:8      | 5668 ||| Stepping ~*~*~tactically~*~*~ (stealth).
  5669 | D:8      | 5669 ||| Stepping ~*~*~tactically~*~*~ (stealth).
  5671 | D:8      | 5671 ||| Stepping ~*~*~tactically~*~*~ (hiding).
  5890 | D:8      | 5890 ||| Stepping ~*~*~tactically~*~*~ (stealth).
  6168 | D:8      | Noticed Pikel
  6177 | D:8      | Killed Pikel
  6178 | D:8      | Reached skill level 10 in Axes
  6253 | D:8      | 6253 ||| UPGRADING to scarf of resistance.
  6258 | D:8      | 6258 ||| UPGRADING to +0 plate armour.
  6268 | D:8      | 6268 ||| DROPPING +0 chain mail.
  6276 | D:9      | 6276 ||| Stepping ~*~*~tactically~*~*~ (hiding).
  6299 | D:9      | HP: 14/63 [orc warrior/+0 glaive (13)]
  6301 | D:9      | Slain by an orc warrior

Levels and vault maps discovered:
D:1:      dpeg_arrival_fog, layout_rooms, serial_shops, shop_statue,
          basic_ecumenical_altar, nicolae_shop_vocational
D:2:      layout_loops_cross
D:3:      layout_rooms, trog_book, zin_scriptorium, serial_shops,
          nicolae_shop_tiny_glass, shop_fountains,
          nicolae_shop_temple_entry_statues_fountains, nicolae_shop_rolled_up,
          nicolae_shop_getting_attention
D:4:      layout_gridville
D:5:      old_forge, layout_rooms, mainiacjoe_overflow_surrounded_room,
          mainiacjoe_overflow_paths, minmay_temple_entry_stoned_glass,
          serial_corexii_hall, corexii_hall_statues_x,
          corexii_hall_statues_deadend, chequers_hall_statues_corner_a,
          corexii_hall_statues_x
D:6:      layout_rooms, lemuel_mausoleum_altar_yredelemnul, doesnt_xom_only_xom,
          serial_shops, shop, minmay_misc_feat_rows, minmay_door_square,
          kennysheep_small_circle, uniq_maggie, uniq_eustachio
D:7:      layout_basic, enter_bailey_3, minmay_circle_x
D:8:      layout_loops_corners, uniq_pikel, uniq_psyche
D:9:      layout_loops_ring, lemuel_doored_altar, makhleb_altar_promises_db,
          kennysheep_mini, serial_shops, shop, grunt_ministairs_6
Temple:   hellmonk_temple_flake

Skill      XL: |  1  2  3  4  5  6  7  8  9 10 |
---------------+-------------------------------+-----
Axes           | 2 3 4 5 7 8 9 10 | 10.0
Throwing       | 1 |  1.0
Fighting       | 4 5 6 7 |  7.1
Dodging        | 1 2 |  2.7
Armour         | 4 |  4.8
Shields        | 7 9 |  9.0

Action                     |  1- 3 |  4- 6 |  7- 9 | 10-12 || total
---------------------------+-------+-------+-------+-------++-------
  Melee: War axe           |    56 |   220 |   364 |   116 ||   756
  Throw: Javelin           |    18 |    13 |       |       ||    31
         Boomerang         |       |       |    18 |       ||    18
    Use: Scroll            |     1 |     9 |     6 |       ||    16
         Potion            |       |     3 |     1 |       ||     4
 Armour: Scale mail        |    31 |     1 |       |       ||    32
         Chain mail        |       |   132 |   237 |    27 ||   396
         Plate armour      |       |       |       |    16 ||    16
  Dodge: Dodged            |    25 |    86 |   139 |    23 ||   273
  Block: Buckler           |    11 |    39 |    57 |       ||   107
         Kite shield       |       |       |    51 |    45 ||    96

Table legend:
 A = Non-vault XP
 B = Vault XP
 C = Vault XP percentage of total XP
 D = Non-vault monster count
 E = Vault monster count
 F = Vault count percentage of total count
                 A         B        C        D         E       F
            +---------+---------+-------+---------+---------+-------
      Total |    3936 |    3029 |  43.5 |     148 |      36 |  19.6
            +---------+---------+-------+---------+---------+-------
        D:1 |      37 |       0 |   0.0 |      22 |       0 |   0.0
        D:2 |      84 |       0 |   0.0 |      14 |       0 |   0.0
        D:3 |     155 |       0 |   0.0 |      28 |       0 |   0.0
        D:4 |     301 |       0 |   0.0 |      25 |       0 |   0.0
        D:5 |     668 |     201 |  23.1 |      16 |       7 |  30.4
        D:6 |     722 |    1283 |  64.0 |      13 |      15 |  53.6
        D:7 |     531 |     478 |  47.4 |       8 |      11 |  57.9
        D:8 |    1146 |    1064 |  48.1 |      21 |       2 |   8.7
        D:9 |     292 |       3 |   1.0 |       1 |       1 |  50.0
            +---------+---------+-------+---------+---------+-------
